[Event "Titled Tuesday Blitz July 6 2021"]
[White "Mortazavi, Ali"]
[Black "Kokoszczynski, Jan"]
[WhiteFideId "401323"]
[BlackFideId "1174460"]
[WhiteElo "2339"]
[BlackElo "2166"]
[Result "1-0"]
[Round "08"]
[TimeControl "180+1"]
[Date "2021.07.06"]
[WhiteClock "0:00:03"]
[BlackClock "0:00:01"]

1. Nf3 Nf6 2. g3 d5 3. Bg2 c6 4. O-O g6 5. d3 Bg7 6. Nbd2 O-O 7. e4 a5 8. a4 Bg4 9. h3 Bxf3 10. Qxf3 e5 11. b3 Nbd7 12. Qe2 Re8 13. Nf3 Nc5 14. Ba3 dxe4 15. Bxc5 exf3 16. Bxf3 e4 17. dxe4 Nd5 18. Rae1 Nc3 19. Qe3 f5 20. Qf4 Nxe4 21. Bxe4 fxe4 22. Rxe4 Qd5 23. Rxe8+ Rxe8 24. Be3 b5 25. Qg4 Qe4 26. Qd7 bxa4 27. bxa4 Rf8 28. Bc5 Rf7 29. Qd8+ Bf8 30. Bxf8 Rxf8 31. Qxa5 Qxc2 32. Qb6 Qxa4 33. Re1 Qc2 34. Qd4 Qf5 35. Re5 Qf7 36. Rc5 Qf6 37. Qc4+ Kg7 38. Qc2 Rc8 39. h4 Rc7 40. Kg2 Qe6 41. Qc3+ Qf6 42. Qc4 Rf7 43. Qc2 Rc7 44. Rc3 Qe6 45. Re3 Qd5+ 46. Kh2 Ra7 47. Qc3+ Kh6 48. Qc1 Kg7 49. Qb2+ Kh6 50. Qb8 Rf7 51. Qb2 Qf5 52. Re2 c5 53. Qc1+ Kg7 54. Rc2 Rc7 55. Qb2+ Kh6 56. Re2 c4 57. Qc3 Qd5 58. Re5 Qd3 59. Qc1+ Kg7 60. Qf4 Qd6 61. h5 Qf6 62. h6+ Kf7 63. Qe3 c3 64. Re4 c2 65. Qb3+ Kf8 66. Qb8+ 1-0


[Site "https://www.chess.com"]

[Event "Titled Tuesday Blitz July 6 2021"]
[White "Moskalenko, Alexander"]
[Black "Kavyev, Ruslan"]
[WhiteFideId "4155351"]
[BlackFideId "34110981"]
[WhiteElo "2495"]
[BlackElo "2172"]
[Result "0-1"]
[Round "08"]
[TimeControl "180+1"]
[Date "2021.07.06"]
[WhiteClock "0:02:03"]
[BlackClock "0:01:10"]

1. e4 c5 2. Nf3 d6 3. d4 cxd4 4. Nxd4 Nf6 5. Nc3 a6 6. Be3 e5 7. Nf3 Be7 8. Bc4 O-O 9. Bb3 Nc6 10. O-O Na5 11. Bg5 Nxb3 12. axb3 Be6 13. Bxf6 Bxf6 14. Nd5 Bg5 15. c3 Rc8 16. Re1 h6 17. b4 Kh8 18. Nxg5 Qxg5 19. Re3 f5 20. Rg3 Qd8 21. exf5 Rxf5 22. Qd2 Bxd5 23. Qxd5 Qe7 24. Rd1 Rcf8 25. f3 R5f6 26. Rg4 Rd8 27. Re4 Rdf8 28. h3 Rg6 29. Kh2 Rff6 30. c4 Rf4 31. Rxf4 exf4 32. Rd4 Qe2 0-1


[Site "https://www.chess.com"]

[Event "Titled Tuesday Blitz July 6 2021"]
[White "Naroditsky, Daniel"]
[Black "Assaubayeva, Bibisara"]
[WhiteFideId "2026961"]
[BlackFideId "13708694"]
[WhiteElo "2608"]
[BlackElo "2232"]
[Result "1-0"]
[Round "08"]
[TimeControl "180+1"]
[Date "2021.07.06"]
[WhiteClock "0:00:31"]
[BlackClock "0:00:05"]

1. e4 c5 2. Nc3 d6 3. f4 g6 4. Nf3 Bg7 5. Bb5+ Bd7 6. Bc4 Nc6 7. d3 Na5 8. O-O Nxc4 9. dxc4 Bc6 10. Qe1 Nh6 11. f5 Ng4 12. Bf4 Qd7 13. h3 Nf6 14. Rd1 gxf5 15. Ne5 dxe5 16. Rxd7 Nxd7 17. Bg5 fxe4 18. Qh4 f6 19. Qh5+ Kd8 20. Qf7 Bf8 21. Be3 Kc7 22. Rd1 Rd8 23. Nd5+ Kc8 24. Qe6 Kb8 25. b4 Nb6 26. Bxc5 Nxc4 27. a4 e3 28. Nxe3 Bh6 29. Rxd8+ Rxd8 30. Qxc4 Rd2 31. Qg8+ Kc7 32. Qxh7 Bxe3+ 33. Bxe3 Rxg2+ 34. Kf1 Rh2 35. Qxe7+ Kb8 36. Qd8# 1-0


[Site "https://www.chess.com"]

[Event "Titled Tuesday Blitz July 6 2021"]
[White "Novikov, Evgenij"]
[Black "Riazantsev, Alexander"]
[WhiteFideId "4125380"]
[BlackFideId "4125029"]
[WhiteElo "2242"]
[BlackElo "2497"]
[Result "0-1"]
[Round "08"]
[TimeControl "180+1"]
[Date "2021.07.06"]
[WhiteClock "0:00:03"]
[BlackClock "0:00:41"]

1. d4 Nf6 2. c4 e6 3. Nc3 Bb4 4. e3 O-O 5. Ne2 d5 6. a3 Bd6 7. cxd5 exd5 8. g3 c6 9. Bg2 Re8 10. O-O a5 11. Bd2 Na6 12. Nc1 Nc7 13. Nd3 Ne6 14. Rc1 h5 15. Na4 h4 16. Nac5 Ng5 17. f4 Nge4 18. Nxe4 Nxe4 19. Bxe4 Rxe4 20. Nf2 Re8 21. g4 Qe7 22. Qf3 Ra6 23. h3 Rb6 24. Nd3 Rb3 25. Rc3 Rxc3 26. bxc3 Bxa3 27. Ra1 b6 28. Ne5 Bb7 29. g5 Bd6 30. Qh5 Bxe5 31. fxe5 Qe6 32. Kg2 Bc8 33. Qf3 Qg6 34. Rf1 Be6 35. Qf4 a4 36. Qxh4 a3 37. Qg3 Qc2 38. Qf2 a2 39. h4 Ra8 40. h5 a1=Q 41. Rxa1 Rxa1 42. h6 Ra2 0-1


[Site "https://www.chess.com"]

[Event "Titled Tuesday Blitz July 6 2021"]
[White "Obolentseva, Alexandra"]
[Black "Bartel, Michal"]
[WhiteFideId "24153648"]
[BlackFideId "1119257"]
[WhiteElo "2113"]
[BlackElo "2271"]
[Result "0-1"]
[Round "08"]
[TimeControl "180+1"]
[Date "2021.07.06"]
[WhiteClock "0:00:01"]
[BlackClock "0:01:10"]

1. d4 Nf6 2. c4 c5 3. d5 e6 4. Nc3 exd5 5. cxd5 d6 6. e4 g6 7. Nge2 h5 8. Bg5 Bg7 9. Qd2 Nbd7 10. f4 Qb6 11. O-O-O Nxe4 12. Nxe4 O-O 13. N2c3 a6 14. Bd3 c4 15. Bb1 Qc7 16. Be7 Re8 17. Bxd6 Qa5 18. Rhe1 b5 19. Nc5 Rxe1 20. Rxe1 b4 21. Re8+ Kh7 22. N3e4 c3 23. Ng5+ Kh6 24. Nxf7+ Kh7 25. bxc3 bxc3 26. Qe2 Nf6 27. Ne4 Nxe4 28. Bxe4 Bg4 29. Bxg6+ Kxg6 30. Qe4+ Kxf7 31. Qe7+ Kg6 32. Qe4+ Bf5 33. Re6+ Kh7 34. Qxf5+ Kg8 35. Rg6 Ra7 36. Qc8+ Kh7 37. Qf5 Kg8 38. Re6 Qb5 39. Re2 Qxe2 40. Qc8+ Kh7 41. Qf5+ Kg8 42. Qc8+ Kf7 43. Qf5+ Ke8 44. Qc8+ Kf7 45. Qf5+ Bf6 46. Qh7+ Ke8 47. Qg8+ Kd7 48. Qf7+ Be7 49. Qf5+ Kxd6 50. Qg6+ Kxd5 0-1


[Site "https://www.chess.com"]

[Event "Titled Tuesday Blitz July 6 2021"]
[White "Omariev, Maksim"]
[Black "Prraneeth Vuppala"]
[WhiteFideId "4193423"]
[BlackFideId "46622373"]
[WhiteElo "2381"]
[BlackElo "1759"]
[Result "1-0"]
[Round "08"]
[TimeControl "180+1"]
[Date "2021.07.06"]
[WhiteClock "0:00:06"]
[BlackClock "0:00:15"]

1. g4 d5 2. Bg2 e5 3. d4 e4 4. h3 h5 5. g5 h4 6. c4 c6 7. Nc3 Bd6 8. cxd5 cxd5 9. Nxd5 Ne7 10. Nc3 O-O 11. Bxe4 Nbc6 12. Nf3 Bf5 13. Bxf5 Nxf5 14. e4 Nfe7 15. Nxh4 Bc7 16. Be3 Bb6 17. Nf3 Na5 18. Qd3 Rc8 19. O-O-O Nc4 20. Kb1 Ba5 21. Rc1 Qb6 22. Na4 Qb5 23. Qb3 Qc6 24. d5 Nxd5 25. exd5 Qxd5 26. Nd4 Bd2 27. Rcd1 Bxe3 28. fxe3 Qe4+ 29. Qd3 Qe5 30. Nc3 Rfd8 31. Rhe1 g6 32. h4 b5 33. h5 b4 34. Nce2 gxh5 35. Nf4 Qb8 36. Nxh5 Rxd4 37. Nf6+ Kf8 38. exd4 Na3+ 39. bxa3 bxa3+ 40. Qb3 Qh2 41. Rh1 Qf2 42. Rh8+ Kg7 43. Rxc8 Qf5+ 44. Rc2 Qf4 45. Nd5 Qd6 46. Nc3 a5 47. d5 a4 48. Qb5 Qe5 49. Qxa4 Qb8+ 50. Qb3 Qd6 51. Nb5 Qe5 52. Qxa3 Qxg5 53. Qb2+ Kh7 54. Rcd2 Qe7 55. d6 Qb7 56. Nc7 Qe4+ 57. Ka1 f6 58. Qb1 f5 59. Qxe4 fxe4 60. Re2 e3 61. Rde1 1-0


[Site "https://www.chess.com"]

[Event "Titled Tuesday Blitz July 6 2021"]
[White "Pereira, Juliano Resende M"]
[Black "Arabidze, Meri"]
[WhiteFideId "2109816"]
[BlackFideId "13604040"]
[WhiteElo "2454"]
[BlackElo "2432"]
[Result "0-1"]
[Round "08"]
[TimeControl "180+1"]
[Date "2021.07.06"]
[WhiteClock "0:00:48"]
[BlackClock "0:01:57"]

1. c4 e6 2. g3 f5 3. Bg2 Nf6 4. d3 d5 5. Nd2 Nc6 6. Ngf3 Be7 7. O-O O-O 8. e4 dxe4 9. dxe4 f4 10. e5 Ng4 11. Qe2 fxg3 12. hxg3 Qe8 13. b3 Qh5 14. Bb2 Bc5 15. a3 Bd4 16. Rfb1 Bxf2+ 17. Kf1 Bxg3 18. Ne4 Nh2+ 19. Kg1 Nxf3+ 20. Bxf3 Rxf3 21. Kg2 Rf2+ 0-1


[Site "https://www.chess.com"]

[Event "Titled Tuesday Blitz July 6 2021"]
[White "Pham, Le Thao Nguyen"]
[Black "Vogel, Roven"]
[WhiteFideId "12401226"]
[BlackFideId "12908088"]
[WhiteElo "2286"]
[BlackElo "2516"]
[Result "0-1"]
[Round "08"]
[TimeControl "180+1"]
[Date "2021.07.06"]
[WhiteClock "0:00:04"]
[BlackClock "0:00:18"]

1. d4 d5 2. Nf3 Nf6 3. Bf4 c5 4. e3 Nc6 5. Nbd2 Bg4 6. c3 e6 7. Qb3 Qc8 8. h3 Bh5 9. Ne5 Nxe5 10. Bxe5 Nd7 11. Bb5 a6 12. Bxd7+ Qxd7 13. dxc5 Bxc5 14. g4 f6 15. Bd4 Bxd4 16. exd4 Bg6 17. f3 O-O 18. Kf2 e5 19. Rad1 exd4 20. Ne4 f5 21. Nc5 Qf7 22. Rxd4 fxg4 23. f4 b6 24. Na4 Be4 25. Rxe4 dxe4 26. Qxf7+ Rxf7 27. Ke3 Raf8 28. Nxb6 Rxf4 29. hxg4 Rxg4 30. Nd5 Rf3+ 31. Kd4 Rd3+ 32. Kc4 Rd2 33. Ne3 Rg5 34. b4 Rxa2 35. Rd1 h5 36. Rd8+ Kh7 37. Re8 h4 38. Rxe4 Rh5 39. Ng4 h3 0-1


[Site "https://www.chess.com"]

[Event "Titled Tuesday Blitz July 6 2021"]
[White "Piesik, Piotr"]
[Black "Ljukin, Sergei"]
[WhiteFideId "1136194"]
[BlackFideId "14102200"]
[WhiteElo "2354"]
[BlackElo "2309"]
[Result "1-0"]
[Round "08"]
[TimeControl "180+1"]
[Date "2021.07.06"]
[WhiteClock "0:02:04"]
[BlackClock "0:01:25"]

1. Nf3 d5 2. g3 Nc6 3. Bg2 e5 4. d3 Bg4 5. O-O Qd7 6. Nc3 O-O-O 7. e4 dxe4 8. Nxe4 f5 9. Nc3 e4 10. dxe4 Qxd1 11. Rxd1 Rxd1+ 12. Nxd1 fxe4 13. Ng5 Nf6 14. Ne3 Bc5 15. Nxg4 Nxg4 16. Nxe4 Bb6 17. Bh3 h5 18. Kg2 Kb8 19. f3 Nge5 20. Bf4 Rd8 21. Re1 a5 22. Ng5 Ng6 23. Bc1 Nb4 24. Bf5 Nxc2 25. Bxc2 1-0


[Site "https://www.chess.com"]

[Event "Titled Tuesday Blitz July 6 2021"]
[White "Plat, Vojtech"]
[Black "Solon, Nathan"]
[WhiteFideId "325740"]
[BlackFideId "2017229"]
[WhiteElo "2486"]
[BlackElo "2635"]
[Result "1/2-1/2"]
[Round "08"]
[TimeControl "180+1"]
[Date "2021.07.06"]
[WhiteClock "0:01:07"]
[BlackClock "0:00:17"]

1. e4 c5 2. Nf3 d6 3. d4 cxd4 4. Qxd4 Nc6 5. Bb5 Bd7 6. Bxc6 Bxc6 7. Nc3 Nf6 8. Bg5 e6 9. O-O-O Be7 10. Rhe1 O-O 11. Qd2 Qa5 12. Kb1 Rfc8 13. Nd5 Qxd2 14. Nxe7+ Kf8 15. Nxd2 Kxe7 16. Nc4 Rd8 17. f4 Bxe4 18. Rxe4 d5 19. Red4 dxc4 20. Kc1 Rxd4 21. Rxd4 Rc8 22. Kd2 h6 23. Bh4 Rc5 24. Bxf6+ gxf6 25. Kc3 b5 26. Kb4 Rh5 27. h3 a6 28. Ka5 Rd5 29. Rxd5 exd5 30. c3 Kd6 31. a3 f5 32. Kxa6 Kc6 33. h4 h5 34. g3 f6 35. Ka7 Kc7 36. Ka6 Kc6 37. Ka5 Kc5 38. a4 bxa4 39. Kxa4 Kc6 40. Ka5 Kc5 41. Ka4 Kc6 42. Ka5 Kc5 43. Ka6 Kc6 44. Ka7 Kc7 45. Ka6 Kc6 46. Ka5 1/2-1/2


[Site "https://www.chess.com"]

[Event "Titled Tuesday Blitz July 6 2021"]
[White "Pohjala, Henri"]
[Black "Pridorozhni, Aleksei"]
[WhiteFideId "506478"]
[BlackFideId "4127870"]
[WhiteElo "2365"]
[BlackElo "2565"]
[Result "0-1"]
[Round "08"]
[TimeControl "180+1"]
[Date "2021.07.06"]
[WhiteClock "0:00:04"]
[BlackClock "0:00:12"]

1. d4 d5 2. Nf3 c6 3. c4 e6 4. Nc3 Nf6 5. e3 Nbd7 6. Bd3 dxc4 7. Bxc4 b5 8. Bd3 Bb7 9. O-O a6 10. a3 c5 11. dxc5 Nxc5 12. Bc2 Be7 13. b4 Ncd7 14. Bb2 Nb6 15. Qxd8+ Rxd8 16. Ne2 Nc4 17. Bc3 Bxf3 18. gxf3 Nd5 19. Ra2 Nxc3 20. Nxc3 Nd2 21. Rd1 Nxf3+ 22. Kg2 Rxd1 23. Nxd1 Ne1+ 24. Kf1 Nxc2 25. Rxc2 Kd7 26. Rd2+ Kc7 27. Nc3 Rd8 28. Rc2 Kb6 29. Ke2 f5 30. Nd1 Bf6 31. f3 Rd6 32. Nf2 Rc6 33. Rd2 Rc3 34. Rd6+ Kb7 35. Nd3 Rxa3 36. Rxe6 Ra2+ 37. Kd1 Rxh2 38. Nc5+ Kc8 39. Rxa6 h5 40. e4 fxe4 41. fxe4 h4 42. Re6 h3 43. e5 Bd8 44. Rc6+ Kb8 45. Rd6 Bh4 46. Rd3 Rh1+ 47. Kd2 h2 48. Rh3 Bg5+ 49. Ke2 Bf4 50. Rh8+ Ka7 51. e6 Bd6 52. Rd8 Re1+ 53. Kxe1 h1=Q+ 54. Ke2 Bxc5 55. Kd3 Qf3+ 0-1


[Site "https://www.chess.com"]

[Event "Titled Tuesday Blitz July 6 2021"]
[White "Pourkashiyan, Atousa"]
[Black "Makhnev, Denis"]
[WhiteFideId "12502014"]
[BlackFideId "13707647"]
[WhiteElo "2285"]
[BlackElo "2537"]
[Result "0-1"]
[Round "08"]
[TimeControl "180+1"]
[Date "2021.07.06"]
[WhiteClock "0:00:12"]
[BlackClock "0:00:57"]

1. e4 c6 2. d4 d5 3. Nd2 dxe4 4. Nxe4 Bf5 5. Ng3 Bg6 6. h4 h6 7. Nf3 e6 8. h5 Bh7 9. Bd3 Bxd3 10. Qxd3 Nf6 11. Bd2 c5 12. O-O-O Nc6 13. Be3 Qa5 14. Kb1 O-O-O 15. Qb3 Be7 16. a3 Rd7 17. dxc5 Rxd1+ 18. Rxd1 Bxc5 19. Bd2 Qb6 20. Qxb6 Bxb6 21. Bc3 Rg8 22. Rd2 Nd5 23. Bd4 Nxd4 24. Nxd4 Rd8 25. Nge2 Nf6 26. Kc1 Ne4 27. Rd3 Nxf2 28. Rf3 Bxd4 29. Nxd4 Rxd4 30. Rxf2 f5 31. Re2 Kd7 32. Re3 Rg4 33. g3 Rg5 34. Rb3 b6 35. Rd3+ Ke7 36. Rc3 Kd6 37. Rd3+ Kc6 38. Re3 Kd5 39. Rd3+ Ke5 40. Re3+ Kf6 41. Rd3 Rxh5 42. Rd7 Rg5 43. Rxa7 Rxg3 44. a4 h5 45. Ra8 h4 46. Rh8 g5 47. b4 Kg7 48. Rh5 Kg6 49. Rh8 Ra3 50. Kb2 Rxa4 51. Kb3 Ra7 52. c4 f4 53. c5 bxc5 54. bxc5 f3 55. Kc4 f2 56. Rf8 Rf7 57. Rxf7 Kxf7 58. c6 0-1


[Site "https://www.chess.com"]

[Event "Titled Tuesday Blitz July 6 2021"]
[White "Priasmoro, Novendra"]
[Black "Keymer, Vincent"]
[WhiteFideId "7105029"]
[BlackFideId "12940690"]
[WhiteElo "2309"]
[BlackElo "2474"]
[Result "1-0"]
[Round "08"]
[TimeControl "180+1"]
[Date "2021.07.06"]
[WhiteClock "0:01:55"]
[BlackClock "0:00:02"]

1. e4 c6 2. d4 d5 3. exd5 cxd5 4. Bd3 Nf6 5. c3 Bg4 6. Qb3 Qc7 7. Ne2 Bxe2 8. Bxe2 e6 9. Nd2 Bd6 10. Nf3 O-O 11. O-O Nc6 12. h3 Rab8 13. a4 a6 14. Bd3 b5 15. axb5 axb5 16. Bg5 Nh5 17. Qc2 h6 18. Be3 Rfc8 19. Qe2 Qb7 20. Ne5 Nf6 21. f4 Ne7 22. f5 exf5 23. Bxf5 Nxf5 24. Rxf5 Bxe5 25. dxe5 Ne4 26. Ra7 Qc6 27. Rfxf7 Qg6 28. Qg4 Qxf7 29. Rxf7 Kxf7 30. Qd7+ Kg6 31. Qxd5 Ng5 32. h4 Rd8 33. Qc6+ 1-0


[Site "https://www.chess.com"]

[Event "Titled Tuesday Blitz July 6 2021"]
[White "Pruijssers, Roeland"]
[Black "Sonis, Francesco"]
[WhiteFideId "1013068"]
[BlackFideId "895733"]
[WhiteElo "2545"]
[BlackElo "2373"]
[Result "1/2-1/2"]
[Round "08"]
[TimeControl "180+1"]
[Date "2021.07.06"]
[WhiteClock "0:00:55"]
[BlackClock "0:01:55"]

1. e4 e5 2. Nc3 Nf6 3. Bc4 Nxe4 4. Qh5 Nd6 5. Qxe5+ Qe7 6. Qxe7+ Bxe7 7. Bb3 O-O 8. d4 Ne8 9. Nd5 Bd8 10. Ne3 c6 11. d5 c5 12. Ne2 Nd6 13. Ng3 Ba5+ 14. c3 f5 15. Nc4 Nxc4 16. Bxc4 d6 17. Bf4 Bc7 18. Kd2 Nd7 19. Rhe1 Nb6 20. b3 Bd7 21. Re7 Rae8 22. Rae1 Rxe7 23. Rxe7 Rf7 24. Re1 h6 25. h4 Nc8 26. a4 Bd8 27. h5 Bg5 28. Ne2 Re7 29. Bxg5 hxg5 30. f4 g4 31. Ng3 Rxe1 32. Kxe1 Kf7 33. Bd3 Kf6 34. a5 Ne7 35. c4 Be8 36. Kd2 Bd7 37. Ke3 b6 38. axb6 axb6 39. Kd2 b5 40. Ke3 b4 41. Kd2 Ng8 42. Ke3 Nh6 43. Kd2 Nf7 44. Ke3 Nd8 45. Kd2 Nb7 46. Bc2 Nd8 47. Ke3 Nf7 48. Kd2 Bc8 49. Ke3 Nh6 50. Kd2 Ng8 51. Ke3 Ne7 52. Kd2 g6 53. hxg6 Nxg6 54. Ke3 Bd7 55. Nh5+ Kf7 56. Ng3 Nh4 57. Kf2 Kf6 58. Nh5+ Kg6 59. Ng3 Kh6 60. Bd3 Kg7 61. Bc2 Kf7 62. Bd3 Bc8 63. Bc2 Kg6 64. Bd3 Kf6 65. Nh5+ Kf7 66. Ng3 Kg6 67. Bc2 Kf6 68. Nh5+ Kf7 69. Ng3 1/2-1/2


[Site "https://www.chess.com"]

[Event "Titled Tuesday Blitz July 6 2021"]
[White "Przybylski, Wojciech"]
[Black "Araujo Filho, Luiz Antonio Coel"]
[WhiteFideId "1117599"]
[BlackFideId "2130661"]
[WhiteElo "2317"]
[BlackElo "2281"]
[Result "1-0"]
[Round "08"]
[TimeControl "180+1"]
[Date "2021.07.06"]
[WhiteClock "0:00:47"]
[BlackClock "0:00:05"]

1. d4 f5 2. g4 fxg4 3. Nc3 g6 4. e4 Bg7 5. Be3 c6 6. Nge2 d5 7. Bg2 Nf6 8. exd5 Nxd5 9. Nxd5 cxd5 10. Nf4 O-O 11. Nxd5 Nc6 12. Qd2 e5 13. dxe5 Nxe5 14. O-O-O Nc4 15. Qb4 Nxe3 16. Ne7+ Qxe7 17. Qxe7 Nxg2 18. Kb1 Bf5 19. Qb4 Rac8 20. Rd2 Nh4 21. Re2 Nf3 22. Rd1 a5 23. Qxb7 Nd4 24. Rxd4 Bxd4 25. Qd5+ 1-0


[Site "https://www.chess.com"]

[Event "Titled Tuesday Blitz July 6 2021"]
[White "Quintiliano Pinto, Renato R."]
[Black "Boidiya, Sidi"]
[WhiteFideId "2117568"]
[BlackFideId "19600100"]
[WhiteElo "2439"]
[BlackElo "2113"]
[Result "1-0"]
[Round "08"]
[TimeControl "180+1"]
[Date "2021.07.06"]
[WhiteClock "0:00:10"]
[BlackClock "0:00:07"]

1. Nf3 Nf6 2. c4 e6 3. e3 b6 4. b3 Bb7 5. Bb2 c5 6. Nc3 d5 7. cxd5 Nxd5 8. Bb5+ Nd7 9. Ne5 Nf6 10. Nxd7 Nxd7 11. O-O a6 12. Be2 Be7 13. d4 O-O 14. d5 exd5 15. Nxd5 Nf6 16. Nxe7+ Qxe7 17. Bf3 Rad8 18. Qe2 Ne4 19. Rad1 f5 20. Rxd8 Rxd8 21. Rd1 Rd6 22. Qc2 Rxd1+ 23. Qxd1 h6 24. Be2 Qd6 25. Qxd6 Nxd6 26. Be5 Nf7 27. Bc7 b5 28. Bb6 Bd5 29. Bxc5 g5 30. f3 Kg7 31. Kf2 Kg6 32. Bd4 Nd8 33. Bd3 h5 34. g4 hxg4 35. fxg4 Be6 36. Kg3 Nc6 37. Bc3 Ne7 38. Kf3 Bd5+ 39. Kg3 Be6 40. h3 Nd5 41. Bd4 Nb4 42. Bb1 Nc6 43. Bc3 b4 44. Bb2 a5 45. Ba1 Na7 46. Bd3 Nc6 47. Bb2 Ne7 48. Bd4 Nd5 49. gxf5+ Bxf5 50. e4 Ne7 51. exf5+ Nxf5+ 52. Kg4 1-0


[Site "https://www.chess.com"]

[Event "Titled Tuesday Blitz July 6 2021"]
[White "Reprintsev, Alexander"]
[Black "Timmermans, Mark"]
[WhiteFideId "14100541"]
[BlackFideId "1026399"]
[WhiteElo "2126"]
[BlackElo "2460"]
[Result "0-1"]
[Round "08"]
[TimeControl "180+1"]
[Date "2021.07.06"]
[WhiteClock "0:00:07"]
[BlackClock "0:00:14"]

1. e4 e5 2. Bc4 Nf6 3. Nc3 Nxe4 4. Qh5 Nd6 5. Bb3 Nc6 6. Nb5 g6 7. Qf3 f5 8. Qd5 Qf6 9. Nxc7+ Kd8 10. Nxa8 b6 11. Qf3 Bb7 12. c3 Bxa8 13. Bd5 Kc7 14. h4 Bh6 15. d4 Bxc1 16. Rxc1 exd4 17. Ne2 dxc3 18. Bxc6 Bxc6 19. Qxc3 Qxc3+ 20. Rxc3 Re8 21. f3 Kb7 22. Kf2 Nf7 23. Rd1 Ne5 24. Nd4 Rf8 25. Nxc6 dxc6 26. Re3 Nc4 27. Re7+ Ka6 28. b3 Na5 29. Rdd7 h5 30. Rxa7+ Kb5 31. Re6 Rd8 32. a4+ Kb4 33. Rxg6 Kxb3 34. Ra6 Rb8 35. Rg5 Kxa4 36. Rxf5 c5 37. Rxh5 c4 38. Rh7 c3 39. Rc7 Kb3 40. h5 c2 41. h6 Rb7 42. Rxb7 c1=Q 43. Rbxb6+ Ka4 44. h7 Qc2+ 45. Kg3 Qxh7 46. Rg6 Qc7+ 47. Kh3 Qd7+ 48. g4 Qd1 49. Kh4 Qxf3 50. Kh5 Qh3+ 51. Kg5 Kb5 52. Rab6+ Kc5 53. Rbf6 Nc4 54. Rf5+ Kd4 55. Re6 Qh2 56. Rf4+ Kd5 57. Ree4 Nd6 58. Rd4+ Kc6 59. Ra4 Kd7 60. Rfd4 Ke6 61. Ra6 Qe5+ 62. Kg6 Qxd4 63. g5 Qd3+ 0-1


[Site "https://www.chess.com"]

[Event "Titled Tuesday Blitz July 6 2021"]
[White "Rorrer, Grayson"]
[Black "Roman, Rodrigo"]
[WhiteFideId "30944996"]
[BlackFideId "3701220"]
[WhiteElo "2122"]
[BlackElo "2043"]
[Result "0-1"]
[Round "08"]
[TimeControl "180+1"]
[Date "2021.07.06"]
[WhiteClock "0:00:58"]
[BlackClock "0:00:27"]

1. e4 c5 2. Nf3 e6 3. d4 cxd4 4. Nxd4 Nc6 5. Nb5 d6 6. c4 Nf6 7. N5c3 Be7 8. Be2 O-O 9. O-O b6 10. Bf4 Bb7 11. Re1 Rc8 12. Nd2 Nd7 13. Rc1 Nce5 14. Be3 Ng6 15. a3 Bg5 16. Bxg5 Qxg5 17. Nb5 Rcd8 18. Nf3 Qh6 19. Qd2 Nf4 20. g3 Nh3+ 21. Kg2 g5 22. Nxd6 Nc5 23. e5 f6 24. Qe3 Ba8 25. b4 f5 26. bxc5 f4 27. Qc3 g4 28. Bd1 fxg3 29. Ne4 Nf4+ 30. Kh1 gxf3 31. Bxf3 0-1


[Site "https://www.chess.com"]

[Event "Titled Tuesday Blitz July 6 2021"]
[White "Rustemov, Alexander"]
[Black "Leiva, Gianmarco"]
[WhiteFideId "4119002"]
[BlackFideId "3804399"]
[WhiteElo "2849"]
[BlackElo "2365"]
[Result "0-1"]
[Round "08"]
[TimeControl "180+1"]
[Date "2021.07.06"]
[WhiteClock "0:00:33"]
[BlackClock "0:00:03"]

1. d4 Nf6 2. c4 e6 3. Nf3 d5 4. Nc3 a6 5. cxd5 exd5 6. Bg5 Be6 7. e3 Nbd7 8. Bd3 Bd6 9. Qc2 c6 10. O-O h6 11. Bf4 Qc7 12. Bxd6 Qxd6 13. h3 O-O 14. Rab1 Rfe8 15. Rfc1 a5 16. a3 Nb6 17. Ne5 Nfd7 18. Nxd7 Qxd7 19. Ne2 Nc4 20. Nf4 Nd6 21. b4 Rec8 22. bxa5 Rxa5 23. a4 Bf5 24. Rb4 Bxd3 25. Nxd3 Rca8 26. Nc5 Qe7 27. Rcb1 R8a7 28. Qb3 g6 29. Nxb7 Nxb7 30. Rxb7 Rxb7 31. Qxb7 Qxb7 32. Rxb7 Rxa4 33. g4 Rc4 34. Rc7 Kg7 35. h4 Kf6 36. Kg2 Rc3 37. Kf3 Rc4 38. Kf4 Rc2 39. g5+ hxg5+ 40. hxg5+ Ke6 41. f3 Rc3 42. Ra7 Rc4 43. Ra6 Kd6 44. Kg4 Ke6 45. Kf4 Kd6 46. Ra7 Ke6 47. Rc7 Rc3 48. e4 Rc4 49. Rxc6+ Rxc6 0-1


[Site "https://www.chess.com"]

[Event "Titled Tuesday Blitz July 6 2021"]
[White "Sardana, Rishi"]
[Black "Bluebaum, Matthias"]
[WhiteFideId "25004301"]
[BlackFideId "24651516"]
[WhiteElo "2340"]
[BlackElo "2685"]
[Result "0-1"]
[Round "08"]
[TimeControl "180+1"]
[Date "2021.07.06"]
[WhiteClock "0:00:02"]
[BlackClock "0:00:05"]

1. d4 d5 2. c4 e6 3. Nf3 Nf6 4. Nc3 Bb4 5. cxd5 exd5 6. Bg5 h6 7. Bh4 Bf5 8. Qa4+ Nc6 9. e3 g5 10. Bg3 Ne4 11. Bb5 Bd7 12. Rc1 Bxc3+ 13. bxc3 Ne7 14. Ne5 c6 15. Bd3 f6 16. Nxd7 Qxd7 17. c4 Nxg3 18. hxg3 Kf7 19. Qd1 Kg7 20. a4 Qd6 21. O-O h5 22. cxd5 Nxd5 23. Qb3 Nb4 24. a5 Nxd3 25. Qxb7+ Kg6 26. Qb1 f5 27. Qxd3 Raf8 28. Rc5 h4 29. Rfc1 Rf6 30. g4 h3 31. Rxf5 hxg2 32. Re5+ Kf7 33. Qa6 Rh1+ 34. Kxg2 Rxc1 35. Qxa7+ Kg6 36. Qa6 Qa3 37. Qd3+ Qxd3 0-1


[Site "https://www.chess.com"]

[Event "Titled Tuesday Blitz July 6 2021"]
[White "Seul, Georg"]
[Black "Tejedor Fuente, Enrique"]
[WhiteFideId "4601653"]
[BlackFideId "2299100"]
[WhiteElo "2332"]
[BlackElo "2535"]
[Result "1-0"]
[Round "08"]
[TimeControl "180+1"]
[Date "2021.07.06"]
[WhiteClock "0:00:25"]
[BlackClock "0:00:01"]

1. e4 d6 2. d4 Nf6 3. Nc3 e5 4. Nge2 Nbd7 5. h3 c6 6. g4 b5 7. a3 a6 8. Bg2 Be7 9. O-O O-O 10. Be3 Nb6 11. b3 exd4 12. Bxd4 Bb7 13. Ng3 c5 14. Be3 Re8 15. g5 Nfd7 16. h4 Bf8 17. Qd2 Rc8 18. Rad1 b4 19. axb4 cxb4 20. Nce2 a5 21. Nd4 Nc5 22. f3 d5 23. Ndf5 dxe4 24. Qxd8 Rcxd8 25. Rxd8 Rxd8 26. fxe4 a4 27. bxa4 Ncxa4 28. h5 Nc4 29. Bd4 g6 30. Bf6 Re8 31. hxg6 hxg6 32. Nh6+ Bxh6 33. gxh6 Ne3 34. Ra1 Nc3 35. Ra7 Bc8 36. e5 Nxg2 37. Kxg2 Nd5 38. Ne4 Be6 39. Kg3 Ne3 40. Ng5 Nf5+ 41. Kf4 Nxh6 42. Rb7 Nf5 43. Rxb4 Ng7 44. Rb7 Nh5+ 45. Ke4 Nxf6+ 46. exf6 Bc8+ 47. Re7 Rf8 48. c4 Bf5+ 49. Ke5 Rc8 50. Kd4 Rd8+ 51. Kc3 Rc8 52. Rxf7 Kh8 53. Rg7 Be6 54. Nxe6 g5 55. f7 g4 56. Rxg4 Kh7 57. f8=Q Rxc4+ 58. Rxc4 1-0


[Site "https://www.chess.com"]

[Event "Titled Tuesday Blitz July 6 2021"]
[White "Shuvalov, Evgenij"]
[Black "Shukhman, Anna"]
[WhiteFideId "4187237"]
[BlackFideId "54180058"]
[WhiteElo "2163"]
[BlackElo "1628"]
[Result "1-0"]
[Round "08"]
[TimeControl "180+1"]
[Date "2021.07.06"]
[WhiteClock "0:01:17"]
[BlackClock "0:00:56"]

1. b4 e5 2. Bb2 Bxb4 3. Bxe5 Nf6 4. Nc3 Nc6 5. Bxf6 Qxf6 6. Nd5 Qd8 7. e4 d6 8. Bb5 Ba5 9. Nf3 a6 10. Bd3 O-O 11. O-O Ne5 12. Be2 c6 13. Ne3 Re8 14. d4 Nxf3+ 15. Bxf3 Qf6 16. Qd3 Be6 17. c4 b5 18. Rac1 bxc4 19. Nxc4 Bc7 20. e5 dxe5 21. Bxc6 Rad8 22. Bxe8 Rxd4 23. Qe2 Bg4 24. f3 Be6 25. Ba4 Qh4 26. g3 Qh3 27. Bb3 e4 28. f4 Bg4 29. Qf2 Rd3 30. Ne5 Bxe5 31. fxe5 Be6 1-0


[Site "https://www.chess.com"]